 Dungeon Crawl Stone Soup version 0.20.0-7-g3b7b877 (webtiles) character file.

11631 cereshysteria the Slicer (level 11, 0/82 HPs)
             Began as a Minotaur Fighter on May 29, 2017.
             Was a High Priest of Kikubaaqudgha.
             Killed by divine providence
             ... invoked by an orc priest
              (11 damage)
             ... on level 1 of the Orcish Mines.
             The game lasted 00:38:33 (13543 turns).

cereshysteria the Slicer (Minotaur Fighter)        Turns: 13543, Time: 00:38:36

Health: 0/82       AC: 29    Str: 30    XL:     11   Next: 51%
Magic:  11/11      EV:  7    Int:  7    God:    Kikubaaqudgha [*****.]
Gold:   162        SH: 12    Dex: 13    Spells: 10/10 levels left

rFire    . . .     SeeInvis .   n - +2 short sword (protect)
rCold    . . .     Gourm    .   c - +0 shield
rNeg     . . .     Faith    +   E - +1 plate armour
rPois    .         Spirit   .   (helmet restricted)
rElec    .         Reflect  .   g - +0 cloak "Geshrups" {Int+2}
rCorr    .         Harm     .   R - +0 pair of gloves
MR       .....                  j - +1 pair of boots
Stlth    ..........             S - amulet of faith
Regen    0.3/turn               y - +2 ring of dexterity
MPRegen  0.2/turn               N - +2 ring of strength

@: mighty, protection aura
A: retaliatory headbutt, horns 2, blink, clumsy 1, strong 1
a: Blink, Receive Corpses, Torment, Renounce Religion


You were on level 1 of the Orcish Mines.
You worshipped Kikubaaqudgha.
Kikubaaqudgha was extremely pleased with you.
You were not hungry.

You visited 3 branches of the dungeon, and saw 13 of its levels.

You collected 1030 gold pieces.
You spent 868 gold pieces at shops.

Inventory:

Hand Weapons
 n - a +2 short sword of protection (weapon)
 H - a +2 long sword of holy wrath
 O - a +2 antimagic short sword
Armour
 c - a +0 shield (worn)
 g - the +0 cloak "Geshrups" (worn) {Int+2}
   (You bought it in a shop on level 1 of the Orcish Mines)

   It affects your intelligence (+2).
 i - a +0 chain mail
 j - a +1 pair of boots (worn)
 m - a +0 leather armour
 E - a +1 plate armour (worn)
 G - a +2 scale mail of poison resistance
 K - a +0 cloak
 R - a +0 pair of gloves (worn)
Jewellery
 y - a +2 ring of dexterity (left hand)
 N - a +2 ring of strength (right hand)
 S - an amulet of faith (around neck)
Wands
 a - a wand of polymorph (7/24)
 o - a wand of disintegration (16/24)
 w - a wand of random effects (22/48)
 D - a wand of lightning (9/15)
 F - a wand of random effects (28/48)
 J - a wand of random effects (20/48)
 L - a wand of flame (25/48)
 M - a wand of acid (5/15)
 P - a wand of flame (28/48)
 T - a wand of iceblast (8/15)
Scrolls
 e - 4 scrolls of teleportation
 h - 2 scrolls of magic mapping
 l - 5 scrolls of remove curse
 s - a scroll of immolation
 t - 3 scrolls of recharging
Potions
 d - a potion of might
 k - a potion of haste
 p - a potion of heal wounds {unknown}
 r - 2 potions of agility
 u - 5 potions of curing
 v - 2 potions of flight
 z - 2 potions of brilliance
 B - 2 potions of mutation
 V - a potion of cancellation {unknown}
Books
 q - Kikubaaqudgha's Incunabulum of Necromancy
   (Kikubaaqudgha gifted it to you on level 6 of the Dungeon)

   Spells                             Type                      Level
   a - Animate Skeleton               Necromancy                   1
   b - Corpse Rot                     Necromancy                   2
   c - Sublimation of Blood           Necromancy                   2
   d - Vampiric Draining              Necromancy                   3
   e - Control Undead                 Necromancy                   4
 C - a book of Frost

   Spells                             Type                      Level
   a - Freeze                         Ice                          1
   b - Throw Frost                    Conjuration/Ice              2
   c - Ozocubu's Armour               Charms/Ice                   3
   d - Throw Icicle                   Conjuration/Ice              4
   e - Summon Ice Beast               Ice/Summoning                4
 I - a book of Misfortune

   Spells                             Type                      Level
   a - Confusing Touch                Hexes                        1
   b - Confuse                        Hexes                        3
   c - Gell's Gravitas                Translocation                3
   d - Petrify                        Transmutation/Earth          4
   e - Metabolic Englaciation         Hexes/Ice                    5
   f - Yara's Violent Unravelling     Hexes/Transmutation          5
 Q - Kikubaaqudgha's Guide on Darkness
   (Kikubaaqudgha gifted it to you on level 9 of the Dungeon)

   Spells                             Type                      Level
   a - Animate Dead                   Necromancy                   4
   b - Bolt of Draining               Conjuration/Necromancy       5
   c - Agony                          Necromancy                   5
   d - Cigotuvi's Embrace             Necromancy                   5
   e - Dispel Undead                  Necromancy                   5
 U - a book of Power

   Spells                             Type                      Level
   a - Iskenderun's Battlesphere      Conjuration/Charms           5
   b - Venom Bolt                     Conjuration/Poison           5
   c - Bolt of Magma                  Conjuration/Fire/Earth       5
   d - Iron Shot                      Conjuration/Earth            6
   e - Orb of Destruction             Conjuration                  7
   f - Spellforged Servitor           Conjuration/Summoning        7
Miscellaneous
 W - a lamp of fire
Comestibles
 b - 2 fruits
 f - 4 royal jellies
 x - 2 meat rations
 A - 4 bread rations


   Skills:
 - Level 3.6 Fighting
 - Level 12.8 Short Blades
   Level 3.9 Maces & Flails
 + Level 12.8 Armour
 + Level 7.7 Shields
 + Level 4.1 Necromancy
 + Level 2.5 Evocations


You had 10 spell levels left.
You didn't know any spells.

Dungeon Overview and Level Annotations

Branches:
Dungeon (10/15)            Temple (1/1) D:5            Lair (0/6) D:10
    Orc (2/2) D:10
    Elf: Orc:2

Altars:
Ashenzari
Cheibriados
Dithmenos
Elyvilon
Fedhas
Gozag
Hepliaklqana
Kikubaaqudgha
Makhleb
Nemelex Xobeh
Okawaru
Qazlal
Ru
Sif Muna
Trog
Uskayaw
Vehumet
Xom
Yredelemnul
The Shining One

Shops:
D:6 }   D:8 :   D:10 }   Orc:1 [


Innate Abilities, Weirdness & Mutations

You reflexively headbutt those who attack you in melee.
You have a pair of horns on your head.
You can translocate small distances at will.
You are clumsy. (Dex -2)
Your muscles are strong. (Str +2)


Message History

The orc priest begins to cast a cantrip, but forgets the words!
You closely miss the orc. Your headbutt misses the orc.
The orc priest invokes the aid of Beogh against you.
Beogh smites you!
* * * LOW HITPOINT WARNING * * *
You impale the orc!!
You kill the orc!
Kikubaaqudgha accepts your kill.
The orc priest begins to cast a cantrip, but forgets the words!
The orc priest hits you but does no damage.
You hit the orc priest. Your headbutt misses the orc priest.
The orc priest is moderately wounded.
You puncture the orc priest!
You kill the orc priest!
Kikubaaqudgha accepts your kill.
The orc priest hits you but does no damage.
The orc priest invokes the aid of Beogh against you.
Beogh smites you!
You die...
Kikubaaqudgha rasps: "You have failed me!
Welcome... death!"

#........## #........###
. ####...∩....#.##.
####...#............
##.#......).......... ##
#....................
##.###................#..
#...##...................
#..#...@.......#........
#.....))#.o...#.........
#......o................
##........#.....>.......
###....................
#.........#.....#....
##...#.#.............
##..##.....##....... ###
##...##..##.........


You could see 2 orc priests.

Vanquished Creatures
  3 two-headed ogres
  An unseen horror (D:10)
  2 orc sorcerers
  A hippogriff (D:9)
  7 yaks
  4 hogs (D:8)
  A human (D:8)
  A wyvern (D:9)
  2 wargs
  Edmund (D:5)
  A soldier ant (D:8)
  2 hell hounds (D:10)
  11 orc warriors
  7 necrophages
  An ice beast (D:9)
  5 sky beasts
  7 ogres
  A centaur (D:10)
  2 big kobolds
  3 bullfrogs
  A water moccasin zombie (D:5)
  2 scorpions
  5 killer bees (D:10)
  5 wights (D:7)
  4 howler monkeys
  A bullfrog zombie (D:8)
  A centaur zombie (D:7)
  3 crimson imps
  2 jellies
  9 orc priests
  Crazy Yiuf (D:7)
  2 hounds
  11 orc wizards
  2 bullfrog skeletons
  Ijyb (D:5)
  3 iguanas
  13 worker ants
  A killer bee zombie (D:7)
  A hound zombie (D:7)
  3 mummies
  2 hound skeletons
  A worker ant zombie (D:7)
  Robin (D:2)
  4 gnolls
  13 adders
  An adder skeleton (D:4)
  A worm (D:3)
  A dart slug (D:3)
  7 leopard geckos
  58 orcs
  A ball python (D:8)
  7 bats
  2 giant cockroaches
  18 goblins
  13 hobgoblins
  6 jackals
  16 kobolds
  4 quokkas
  5 frilled lizards
  A leopard gecko zombie (D:5)
  A quokka skeleton (D:4)
  4 quokka zombies
  9 rats
310 creatures vanquished.

Vanquished Creatures (others)
  An orc wizard (D:3)
1 creature vanquished.

Grand Total: 311 creatures vanquished

Notes
Turn   | Place    | Note
-------+----------+-------------------------------------------
     0 | D:1      | cereshysteria the Minotaur Fighter began the quest for the Orb.
     0 | D:1      | Reached XP level 1. HP: 19/19 MP: 0/0
   121 | D:1      | Reached XP level 2. HP: 19/26 MP: 1/1
   468 | D:1      | Reached skill level 1 in Short Blades
   468 | D:1      | Reached XP level 3. HP: 25/31 MP: 2/2
   531 | D:2      | Noticed Robin
   554 | D:2      | Killed Robin
   586 | D:2      | Reached XP level 4. HP: 39/39 MP: 3/3
  1118 | D:3      | Reached XP level 5. HP: 33/45 MP: 4/4
  1398 | D:3      | Reached skill level 5 in Short Blades
  2056 | D:4      | Found a shadowy altar of Dithmenos.
  2105 | D:4      | Noticed an ogre
  2118 | D:4      | Killed an ogre
  2118 | D:4      | Reached XP level 6. HP: 23/51 MP: 5/5
  2452 | D:4      | Found a deep blue altar of Sif Muna.
  3086 | D:5      | Entered Level 5 of the Dungeon
  3183 | D:5      | Noticed Ijyb
  3227 | D:5      | Killed Ijyb
  3345 | D:5      | Found a hide-covered altar of Uskayaw.
  3349 | D:5      | Noticed Edmund
  3374 | D:5      | Killed Edmund
  3374 | D:5      | Reached XP level 7. HP: 57/57 MP: 6/6
  3572 | D:5      | Found a staircase to the Ecumenical Temple.
  3815 | D:5      | Reached skill level 5 in Armour
  3988 | Temple   | Entered the Ecumenical Temple
  4193 | Temple   | Became a worshipper of Kikubaaqudgha
  4448 | D:6      | Found Zuann's Gadget Boutique.
  4464 | D:6      | Found a white marble altar of Elyvilon.
  4510 | D:6      | Found an iron altar of Okawaru.
  4511 | D:6      | Found a hazy altar of Hepliaklqana.
  4512 | D:6      | Found a basalt altar of Yredelemnul.
  4513 | D:6      | Found a radiant altar of Vehumet.
  4589 | D:6      | Reached XP level 8. HP: 63/64 MP: 7/7
  4637 | D:6      | Found a stormy altar of Qazlal.
  4637 | D:6      | Found a bloodstained altar of Trog.
  4931 | D:6      | Found a shimmering altar of Xom.
  4935 | D:6      | Found a snail-covered altar of Cheibriados.
  5102 | D:6      | Reached * piety under Kikubaaqudgha
  5102 | D:6      | Identified Kikubaaqudgha's Incunabulum of Necromancy (Kikubaaqudgha gifted it to you on level 6 of the Dungeon)
  5102 | D:6      | Received a gift from Kikubaaqudgha
  5306 | D:7      | Reached XP level 9. HP: 70/70 MP: 8/8
  5329 | D:7      | Reached skill level 10 in Short Blades
  5428 | D:7      | Found a runed door.
  5607 | D:7      | Found a sand-covered staircase.
  5667 | D:7      | Reached ** piety under Kikubaaqudgha
  5732 | D:7      | Noticed Crazy Yiuf
  5738 | D:7      | Killed Crazy Yiuf
  6049 | D:8      | Reached skill level 10 in Armour
  7044 | D:8      | Found Raenkity's Book Emporium.
  7236 | D:9      | Reached XP level 10. HP: 22/77 MP: 9/9
  7566 | D:9      | Gained mutation: You are clumsy. (Dex -2) [potion of mutation]
  7566 | D:9      | Gained mutation: You can translocate small distances at will. [potion of mutation]
  7566 | D:9      | Gained mutation: Your muscles are strong. (Str +2) [potion of mutation]
  7624 | D:9      | Reached *** piety under Kikubaaqudgha
  7624 | D:9      | Identified Kikubaaqudgha's Guide on Darkness (Kikubaaqudgha gifted it to you on level 9 of the Dungeon)
  7624 | D:9      | Received a gift from Kikubaaqudgha
  7640 | D:9      | Noticed a two-headed ogre
  7655 | D:9      | Killed a two-headed ogre
  7655 | D:9      | Reached skill level 1 in Necromancy
  7980 | D:9      | Found a stormy altar of Qazlal.
  8086 | D:9      | Reached skill level 5 in Shields
  8489 | D:10     | Entered Level 10 of the Dungeon
  8542 | D:10     | Found a staircase to the Lair.
  9134 | D:10     | Killed an unseen horror
  9367 | D:10     | Found a staircase to the Orcish Mines.
  9592 | D:10     | Found a shattered altar of Ashenzari.
  9626 | D:10     | Reached XP level 11. HP: 82/82 MP: 10/10
  9875 | D:10     | Reached **** piety under Kikubaaqudgha
  9915 | D:10     | Found Dosot's Gadget Shoppe.
  9923 | D:10     | Bought a lamp of fire for 640 gold pieces
 10183 | D:10     | Noticed a two-headed ogre
 10200 | D:10     | Killed a two-headed ogre
 10200 | D:10     | Reached skill level 1 in Evocations
 10613 | D:7      | Noticed a two-headed ogre
 10632 | D:7      | Killed a two-headed ogre
 11345 | Orc:1    | Entered Level 1 of the Orcish Mines
 11744 | Orc:2    | Entered Level 2 of the Orcish Mines
 12041 | Orc:1    | Found a bloodstained altar of Trog.
 12097 | Orc:1    | Noticed an orc sorcerer
 12419 | D:10     | Killed an orc sorcerer
 12733 | Orc:2    | Reached ***** piety under Kikubaaqudgha
 12756 | Orc:1    | Noticed an orc sorcerer
 12909 | Orc:2    | Killed an orc sorcerer
 13456 | Orc:1    | Found Qabupoor's Antique Armour Shoppe.
 13471 | Orc:1    | Bought a twisted cloak for 228 gold pieces
 13481 | Orc:1    | Identified the +0 cloak "Geshrups" {Int+2} (You bought it in a shop on level 1 of the Orcish Mines)
 13543 | Orc:1    | Killed from afar by an orc priest

Skill      XL: |  1  2  3  4  5  6  7  8  9 10 11 |
---------------+----------------------------------+-----
Maces & Flails | 3 |  3.9
Short Blades   | 1 2 4 6 7 8 9 11 12 | 12.8
Armour         | 4 6 9 11 12 | 12.8
Shields        | 6 7 |  7.7
Necromancy     | 3 4 |  4.1
Evocations     | 2 |  2.5
Fighting       | |  3.6

Action                   |  1- 3 |  4- 6 |  7- 9 | 10-12 || total
-------------------------+-------+-------+-------+-------++-------
Melee: Flail             |    42 |       |       |       ||    42
       Headbutt          |     8 |    55 |   136 |   169 ||   368
       Short sword       |    43 |   206 |   529 |   625 ||  1403
 Abil: Blink             |       |       |       |     3 ||     3
  Use: Potion            |       |     1 |     2 |    12 ||    15
       Scroll            |       |       |    13 |     6 ||    19
 Stab: Invisible         |       |       |       |     1 ||     1
  Eat: Bread ration      |       |     2 |     2 |     1 ||     5
       Chunk             |       |       |     4 |     1 ||     5
       Fruit             |       |       |       |     2 ||     2
       Meat ration       |       |       |       |     2 ||     2
       Royal jelly       |       |       |       |     2 ||     2
Armor: Chain mail        |    44 |    81 |       |       ||   125
       Scale mail        |     1 |       |       |       ||     1
       Plate armour      |       |     8 |   273 |   327 ||   608
Dodge: Dodged            |    24 |    34 |    67 |   107 ||   232
Block: Shield            |    67 |    63 |   184 |   277 ||   591
